Map: [ESL] Solaris

Players

Dark - Winner!

  • Race: Zerg Zerg
  • Spawn Location: 7:00

Serral

  • Race: Zerg Zerg
  • Spawn Location: 1:00

Event: IEM Katowice 2024

VOD

Have the link to the VOD?

Description

Time

  • Played on: Feb. 11, 2024, 10:02 a.m.
  • Length: 8:08

All games in this series

Show
View Real Time Build Order
Export as new Build Order

Dark Zerg - Winner!

Build Orders: Hatch First, Zergling Baneling 

Get SALT Encoding   

  12  0:00  Drone  
  13  0:12  Overlord  
  13  0:16  Drone  
  14  0:31  Drone x2  
  16  0:47  Hatchery  
  15  0:51  Drone  
  15  0:54  Drone  
  17  0:57  Drone  
  17  1:00  Extractor  
  17  1:13  Spawning Pool  
  17  1:16  Drone  
  17  1:19  Drone  
  18  1:29  Drone  
  19  1:41  Drone  
  20  1:49  Drone  
  21  1:59  Metabolic Boost  
  21  2:00  Queen x2  
  25  2:01  Zergling x2  
  26  2:10  Overlord  
  26  2:11  Drone  
  27  2:16  Drone  
  28  2:29  Zergling x4  
  30  2:38  Hatchery  
  30  2:40  Zergling x2  
  30  2:41  Overlord  
  30  2:47  Baneling Nest  
  30  2:51  Zergling x2  
  30  2:52  Zergling x2  
  30  2:58  Zergling x4  
  33  3:10  Zergling x8  
  33  3:11  Zergling x2  
  38  3:14  Zergling x2  
  38  3:18  Zergling x2  
  40  3:20  Zergling x2  
  40  3:25  Zergling x4  
  43  3:31  Zergling x2  
  44  3:38  Zergling x2  
  43  3:43  Zergling x4  
  43  3:44  Zergling x4  
  43  3:47  Baneling  
  43  3:48  Zergling x2, Baneling  
  41  3:54  Zergling x2  
  41  4:03  Baneling  
  41  4:04  Zergling x8  
  41  4:07  Zergling x2  
  44  4:15  Baneling  
  42  4:23  Zergling x2  
  37  4:24  Zergling x4  
  37  4:26  Baneling x2  
  37  4:29  Zergling x4  
  37  4:33  Zergling x6  
  37  4:35  Baneling x2  
  39  4:41  Zergling x4  
  36  4:53  Zergling x4  
  36  4:58  Zergling x2  
  36  4:59  Baneling  
  38  5:02  Zergling x4  
  38  5:07  Baneling  
  40  5:08  Zergling x4  
  40  5:19  Zergling x2  
  41  5:23  Drone  
  41  5:28  Baneling  
  40  5:32  Overlord  
  40  5:33  Queen  
  42  5:48  Drone x3  
  40  5:50  Roach Warren  
  40  5:53  Drone  
  40  5:56  Drone x2, Baneling  
  40  5:59  Drone  
  40  6:01  Drone  
  42  6:06  Zergling x2  
  42  6:09  Drone x2  
  47  6:13  Drone x3  
  47  6:16  Zergling x2, Extractor  
  48  6:19  Drone  
  48  6:20  Overlord  
  48  6:21  Baneling  
  49  6:27  Overlord  
  49  6:35  Overlord  
  49  6:38  Overlord  
  49  6:39  Roach x2  
  53  6:42  Roach  
  53  6:45  Roach  
  57  6:51  Roach x2  
  57  6:53  Roach  
  63  6:56  Roach  
  63  6:59  Roach  
  67  7:04  Zergling x2  
  67  7:05  Zergling x4  
  67  7:06  Roach  
  67  7:08  Zergling x2  
  73  7:12  Roach  
  74  7:15  Zergling x4  
  74  7:17  Zergling x4  
  78  7:30  Zergling x6  
  81  7:37  Baneling  
  81  7:40  Zergling x6  
  76  7:45  Zergling x6  
  76  7:48  Zergling x2  
  76  7:49  Zergling x2  
  73  7:53  Baneling x2  
Show
View Real Time Build Order
Export as new Build Order

Serral Zerg 

Build Orders: Hatch First, Zergling Baneling 

Get SALT Encoding   

  12  0:00  Drone  
  13  0:12  Overlord  
  13  0:16  Drone  
  14  0:30  Drone x2  
  16  0:48  Hatchery  
  15  0:51  Drone  
  15  0:54  Drone  
  17  0:57  Drone  
  18  1:09  Extractor  
  17  1:12  Spawning Pool  
  17  1:16  Drone  
  17  1:19  Drone  
  18  1:27  Drone  
  19  1:38  Drone  
  20  1:59  Queen  
  20  2:00  Queen  
  20  2:01  Zergling x2, Drone, Overlord  
  25  2:08  Metabolic Boost  
  26  2:11  Drone x2  
  28  2:21  Zergling x2  
  29  2:23  Drone  
  30  2:34  Hatchery  
  30  2:36  Drone  
  30  2:38  Drone  
  30  2:43  Drone  
  32  2:48  Baneling Nest  
  32  2:50  Overlord  
  31  2:55  Drone  
  31  2:56  Drone  
  33  3:05  Drone x2  
  34  3:10  Zergling x8  
  34  3:12  Zergling x2  
  39  3:13  Zergling x2  
  41  3:20  Zergling x4  
  41  3:26  Queen  
  44  3:31  Baneling x2  
  43  3:43  Zergling x6  
  42  3:50  Baneling x2  
  43  3:55  Zergling x14  
  43  3:57  Zergling x2  
  43  3:59  Zergling x2  
  43  4:02  Baneling x2  
  48  4:07  Zergling x2  
  44  4:10  Zergling x4  
  42  4:18  Zergling x2  
  42  4:21  Baneling  
  36  4:38  Zergling x2  
  35  4:42  Zergling x2  
  35  4:44  Zergling x2  
  33  4:52  Zergling x2  
  32  4:53  Baneling  
  32  4:57  Zergling x6  
  35  5:01  Baneling x2  
  35  5:07  Zergling x4  
  35  5:09  Zergling x2  
  35  5:11  Zergling x2  
  38  5:18  Baneling x2  
  38  5:20  Zergling x2  
  38  5:22  Zergling x4  
  38  5:27  Drone  
  36  5:31  Drone x2  
  36  5:34  Drone  
  39  5:38  Drone  
  39  5:45  Zergling x2  
  39  5:46  Zergling x4  
  37  5:52  Zergling x4  
  38  5:57  Queen  
  38  6:00  Baneling x2  
  38  6:02  Drone  
  41  6:07  Overlord  
  41  6:11  Zergling x2  
  41  6:12  Zergling x2  
  41  6:13  Baneling  
  43  6:24  Hatchery  
  42  6:28  Zergling x4  
  44  6:35  Baneling  
  44  6:36  Baneling x4  
  44  6:40  Zergling x2  
  44  6:41  Zergling x4  
  44  6:46  Baneling x2  
  47  6:54  Zergling x2, Roach Warren  
  46  6:55  Zergling x2  
  46  7:01  Overlord  
  48  7:04  Zergling x4  
  50  7:10  Overlord  
  50  7:17  Zergling x4  
  50  7:20  Baneling  
  50  7:21  Baneling x2  
  52  7:24  Zergling x8  
  53  7:32  Baneling  
  53  7:33  Zergling x6  
  56  7:42  Zergling x8  

Tags
 
Add a new tag
Caveats
  • Supply blocks, unpowered buildings, or Contaminate may cause inaccurate times.
  • Supply counts are checked every 10 seconds.